 Dungeon Crawl Stone Soup version 0.26-a0-20-g5f92b90fa0 (webtiles) character file.

Game seed: 4874532347418403848, levelgen mode: deterministic

79 Lanoc the Sneak (level 4, 0/40 HPs)
             Began as a Naga Assassin on May 25, 2020.
             Slain by Grinder (1 damage)
             ... on level 3 of the Dungeon.
             The game lasted 00:03:03 (2155 turns).

Lanoc the Sneak (Naga Assassin)                     Turns: 2155, Time: 00:03:03

Health: 0/40       AC:  3    Str: 13 (15) XL:     4   Next: 37%
Magic:  4/4        EV: 12    Int: 11 (12) God:
Gold:   124        SH:  0    Dex: 12 (13) Spells: 3/3 levels left

rFire    . . .     SeeInvis +   a - +2 dagger (pain)
rCold    . . .     Gourm    .   (no shield)
rNeg     . . .     Faith    .   b - +0 robe
rPois    +         Spirit   .   (no helmet)
rElec    .         Reflect  .   c - +0 cloak
rCorr    .         Harm     .   (no gloves)
MR       .....                  (no barding)
Stlth    +++.......             (no amulet)
HPRegen  0.13/turn              (no ring)
MPRegen  0.09/turn              (no ring)

@: stab, very slow
A: large, repulsion field 1, see invisible, deformed body, poison resistance,
slowness 2, slow metabolism 1, spit poison 1, strong 1, evolution 1, AC +1
a: Spit Poison


You were on level 3 of the Dungeon.
You were not hungry.

You visited 1 branch of the dungeon, and saw 3 of its levels.

You collected 124 gold pieces.

Inventory:

Hand Weapons
 a - a +2 dagger of pain (weapon)
Missiles
 d - 8 poisoned darts (quivered)
 e - 2 curare-tipped darts
Armour
 b - a +0 robe (worn)
 c - a +0 cloak (worn)
Scrolls
 h - 2 scrolls of teleportation {unknown}
 i - a scroll of noise {unknown}
 j - 4 scrolls of magic mapping {unknown}
 k - 2 scrolls of enchant armour {unknown}
 m - 2 scrolls of remove curse {unknown}
 p - 5 scrolls of identify {unknown}
 q - a scroll of fear {unknown}
Comestibles
 f - 6 rations
 r - 4 chunks of flesh


   Skills:
 + Level 2.7 Fighting
 + Level 2.5 Short Blades
 - Level 1.7 Throwing
 + Level 1.5 Dodging
 * Level 7.1 Stealth


You had 3 spell levels left.
You didn't know any spells.
Your spell library was empty.

Dungeon Overview and Level Annotations

Branches:
Dungeon (3/15)

Altars:

Annotations:
D:3 Grinder


Innate Abilities, Weirdness & Mutations

You cannot wear boots.
Your serpentine skin is tough. (AC +1)
You have supernaturally acute eyesight. (SInv)
Armour fits poorly on your strangely shaped body.
Your system is resistant to poisons. (rPois)
You cover ground very slowly.
You have a slow metabolism.
You can spit poison.
You are surrounded by a mild repulsion field. (EV +2)
Your muscles are strong. (Str +2)
You evolve.


Message History

You closely miss Grinder.
Grinder is lightly wounded.
Grinder gestures at you. Pain shoots through your body!
You closely miss Grinder.
Grinder is lightly wounded.
Grinder hits you.
* * * LOW HITPOINT WARNING * * *
You writhe in agony.
* * * LOW HITPOINT WARNING * * *
You hit Grinder but do no damage.
Grinder is lightly wounded.
Grinder hits you.
* * * LOW HITPOINT WARNING * * *
You writhe in agony.
* * * LOW HITPOINT WARNING * * *
Grinder hits you!
* * * LOW HITPOINT WARNING * * *
You writhe in agony.
You die...

.#..##..รท..# ##.# ##.##
.#.###.....# #.###.##
.#.###.#.### #.#.##
.......#.## #.##
##.####...## #.#
#..........## #.#
#...#.......######.#####
#.....##.#......5......#
#.....####..####@#####.#
#...........# #.#
#####.##<##.# #.#
#.......# #># ###...###
#.. #...# ### #...#
#...# #....


You could see Grinder.

Vanquished Creatures
  3 adders (D:2)
  3 dart slugs
  A worm (D:2)
  2 leopard geckos (D:3)
  6 bats
  2 giant cockroaches
  4 hobgoblins (D:1)
  4 jackals (D:2)
  3 kobolds
  6 frilled lizards
  3 goblins
  5 rats (D:2)
42 creatures vanquished.

Notes
Turn   | Place    | Note
-------+----------+-------------------------------------------
     0 | D:1      | Lanoc the Naga Assassin began the quest for the Orb.
     0 | D:1      | Reached XP level 1. HP: 19/19 MP: 1/1
    30 | D:1      | Reached skill level 6 in Stealth
   269 | D:1      | Reached skill level 1 in Dodging
   269 | D:1      | Reached XP level 2. HP: 26/26 MP: 2/2
   735 | D:2      | Reached XP level 3. HP: 28/32 MP: 3/3
  1404 | D:2      | Reached XP level 4. HP: 40/40 MP: 4/4
  1524 | D:2      | Reached skill level 7 in Stealth
  2135 | D:3      | Noticed Grinder
  2142 | D:3      | Gained mutation: Your muscles are strong. (Str +2) [potion
                  | of mutation]
  2142 | D:3      | Gained mutation: You are surrounded by a mild repulsion
                  | field. (EV +2) [potion of mutation]
  2142 | D:3      | Gained mutation: You evolve. [potion of mutation]
  2155 | D:3      | HP: 1/40 [Grinder (7)]
  2155 | D:3      | Slain by Grinder

Illustrated notes

Levels and vault maps discovered:
D:1:      dpeg_arrival_leaves_temple_mockup, layout_basic, st_stairs_5
D:2:      layout_loops_ring, minmay_misc_feat_ornament
D:3:      layout_loops_cross, uniq_grinder, uniq_sigmund, uniq_natasha

Skill      XL: |  1  2  3  4 |
---------------+-------------+-----
Stealth        | 6 7 |  7.1
Dodging        | 1 |  1.5
Fighting       | |  2.7
Short Blades   | |  2.5
Throwing       | |  1.7

Action                   |  1- 3 |  4- 6 || total
-------------------------+-------+-------++-------
Melee: Dagger            |    84 |    46 ||   130
 Abil: Spit Poison       |     8 |     4 ||    12
  Use: Potion            |       |     4 ||     4
 Stab: Sleeping          |     8 |       ||     8
  Eat: Chunk             |     1 |     2 ||     3
Armor: Robe              |    37 |     6 ||    43
Dodge: Dodged            |    55 |    16 ||    71

Table legend:
 A = Non-vault XP
 B = Vault XP
 C = Vault XP percentage of total XP
 D = Non-vault monster count
 E = Vault monster count
 F = Vault count percentage of total count
                 A         B        C        D         E       F
            +---------+---------+-------+---------+---------+-------
      Total |     105 |       8 |   7.1 |      39 |       3 |   7.1
            +---------+---------+-------+---------+---------+-------
        D:1 |      22 |       8 |  26.7 |      11 |       3 |  21.4
        D:2 |      76 |       0 |   0.0 |      25 |       0 |   0.0
        D:3 |       7 |       0 |   0.0 |       3 |       0 |   0.0
            +---------+---------+-------+---------+---------+-------
